 Dungeon Crawl Stone Soup version 0.20.0-7-g3b7b877 (webtiles) character file.

214 Larmestyx the Sneak (level 5, 0/25 HPs)
             Began as a Vine Stalker Enchanter on May 29, 2017.
             Killed from afar by Ijyb (3 damage)
             ... with a wand of flame (?/48)
             ... on level 3 of the Dungeon.
             The game lasted 00:35:40 (3082 turns).

Larmestyx the Sneak (Vine Stalker Enchanter)        Turns: 3082, Time: 00:35:41

Health: 0/25       AC:  3    Str: 10    XL:     5   Next: 91%
Magic:  0/9        EV: 12    Int: 15    God:
Gold:   140        SH:  0    Dex: 16    Spells: 2/8 levels left

rFire    . . .     SeeInvis .   a - +1 dagger
rCold    . . .     Gourm    .   (no shield)
rNeg     . . .     Faith    .   b - +0 robe
rPois    +         Spirit   +   (no helmet)
rElec    .         Reflect  .   (no cloak)
rCorr    .         Harm     .   s - +0 pair of gloves
MR       .....                  (no boots)
Stlth    +++.......             (no amulet)
Regen    0.5/turn               k - ring of poison resistance
MPRegen  0.2/turn               (no ring)

@: very slightly contaminated, drained
A: fangs 2, regeneration 1, magic shield, antimagic bite, no potion heal 3, rot
immunity
a: no special abilities


You were on level 3 of the Dungeon.
You were not hungry.

You visited 1 branch of the dungeon, and saw 3 of its levels.

You collected 140 gold pieces.

Inventory:

Hand Weapons
 a - a +1 dagger (weapon)
 i - a +1 dagger of freezing
Armour
 b - a +0 robe (worn)
 s - a +0 pair of gloves (worn)
Jewellery
 k - a ring of poison resistance (left hand)
 l - an uncursed amulet of harm
 t - an uncursed amulet of magic regeneration {unknown}
Scrolls
 f - a scroll of magic mapping {unknown}
 j - 2 scrolls of remove curse {unknown}
 m - a scroll of fear {unknown}
 n - a scroll of enchant armour {unknown}
 r - 2 scrolls of amnesia {unknown}
 u - a scroll of random uselessness {unknown}
 v - a scroll of identify {unknown}
Potions
 e - 2 potions of curing {unknown}
 g - a potion of degeneration {unknown}
 h - a potion of heal wounds {unknown}
 p - a potion of invisibility {unknown}
Books
 c - a book of Maledictions

   Spells                             Type                      Level
   a - Corona                         Hexes                        1
   b - Ensorcelled Hibernation        Hexes/Ice                    2
   c - Confuse                        Hexes                        3
   d - Tukima's Dance                 Hexes                        3
   e - Dazzling Spray                 Conjuration/Hexes            3
Comestibles
 d - a bread ration
 o - 2 royal jellies
 q - a meat ration


   Skills:
 + Level 1.1(1.0) Fighting
 * Level 3.2(3.0) Short Blades
 + Level 2.0(1.9) Dodging
 + Level 5.0(4.8) Stealth
 + Level 2.4(2.3) Spellcasting
 + Level 3.3(3.2) Hexes
 + Level 1.1(0.9) Ice Magic


You had 2 spell levels left.
You knew the following spells:

 Your Spells              Type           Power        Failure   Level  Hunger
a - Corona                Hex            ##.....      6%          1    #......
b - Ensorcelled Hibernat  Hex/Ice        #.....       14%         2    ###....
c - Confuse               Hex            ##......     17%         3    ###....


Dungeon Overview and Level Annotations

Branches:
Dungeon (3/15)

Altars:
Zin

Annotations:
D:3 Ijyb, Sigmund


Innate Abilities, Weirdness & Mutations

You have extremely sharp teeth.
Your natural rate of healing is unusually fast.
When hurt, damage is shared between your health and your magic reserves.
Your bite disrupts and absorbs the magic of your enemies.
Potions cannot restore your health.
You are immune to rotting.


Message History

Casting: Ensorcelled Hibernation
Confirm with . or Enter, or press ? or * to list all spells.
Aiming: Ensorcelled Hibernation
Press: ? - help, Shift-Dir - straight line, f/p - Ijyb
Aim: Ijyb, wielding a club, wearing a dyed leather armour and carrying a wand of flame (?/48) {zapped: 2} (lightly wounded, chance to defeat MR: 48%) Ijyb resists with some effort.
Ijyb hits you but does no damage.
You hit Ijyb.
Ijyb is moderately wounded.
You hit Ijyb but do no damage.
Ijyb is moderately wounded.
Ijyb hits you but does no damage.
You miss Ijyb.
Ijyb is moderately wounded.
Ijyb zaps a wand.
The puff of flame hits you!
* * * LOW HITPOINT WARNING * * *
An orc comes into view.
It is wielding a falchion of holy wrath.
Ijyb zaps a wand.
The puff of flame hits you!
* * * LOW HITPOINT WARNING * * *
Ijyb zaps a wand.
The puff of flame hits you!
You die...

#...#..... #...#
##...........o.# ## ....#
................+...# ....#
.........##.....#.#.# ....#
........#..........#
....#######......#..........##
.................#...........
#..........................#
............)...@..g.......#
..(....#...................#
......................%...##
..........##....)....##.#.#
..........##.........# .# #
..........##.............
..........##..............
..........##..............#
..........##.........###..#


You could see Ijyb and an orc (sleeping).

Vanquished Creatures
  A water moccasin (D:3)
  3 adders
  An ooze (D:1)
  4 worms
  2 dart slugs
  2 leopard geckos
  An orc (D:3)
  2 giant cockroaches
  4 goblins
  5 hobgoblins
  7 jackals (D:1)
  3 kobolds
  2 ball pythons (D:1)
  7 bats
  6 frilled lizards
  12 rats
62 creatures vanquished.

Notes
Turn   | Place    | Note
-------+----------+-------------------------------------------
     0 | D:1      | Larmestyx the Vine Stalker Enchanter began the quest for the Orb.
     0 | D:1      | Reached XP level 1. HP: 9/9 MP: 4/4
   100 | D:1      | Reached skill level 1 in Short Blades
   365 | D:1      | Reached XP level 2. HP: 9/13 MP: 4/6
   377 | D:1      | Reached skill level 4 in Stealth
   896 | D:1      | Learned a level 2 spell: Ensorcelled Hibernation
  1176 | D:1      | Reached XP level 3. HP: 12/16 MP: 5/7
  2009 | D:2      | Reached skill level 1 in Fighting
  2009 | D:2      | Gained mutation: Your natural rate of healing is unusually fast. [Vine Stalker growth]
  2009 | D:2      | Reached XP level 4. HP: 22/22 MP: 8/8
  2397 | D:2      | Learned a level 3 spell: Confuse
  2576 | D:3      | Found a glowing silver altar of Zin.
  2619 | D:3      | Noticed Sigmund
  2855 | D:3      | Noticed a water moccasin
  2868 | D:3      | Killed a water moccasin
  2868 | D:3      | Reached skill level 1 in Ice Magic
  2868 | D:3      | Reached XP level 5. HP: 11/25 MP: 4/9
  2873 | D:3      | Reached skill level 5 in Stealth
  3014 | D:3      | Noticed Ijyb
  3079 | D:3      | HP: 1/25 [Ijyb/wand of flame (?/48) (6)]
  3082 | D:3      | Killed from afar by Ijyb

Skill      XL: |  1  2  3  4  5 |
---------------+----------------+-----
Short Blades   | 1 3 |  3.2
Stealth        | 4 5 |  5.0
Fighting       | 1 |  1.1
Dodging        | 2 |  2.0
Ice Magic      | 1 |  1.1
Spellcasting   | |  2.4
Hexes          | |  3.3

Action                   |  1- 3 |  4- 6 || total
-------------------------+-------+-------++-------
Melee: Dagger            |   122 |   111 ||   233
       Bite              |    24 |    33 ||    57
 Cast: Ensorcelled Hiber |     3 |     9 ||    12
 Stab: Sleeping          |     7 |     5 ||    12
  Eat: Chunk             |     4 |     4 ||     8
Armor: Robe              |    14 |    17 ||    31
Dodge: Dodged            |    78 |    48 ||   126
